 Dungeon Crawl Stone Soup version 0.18-a0-102-gb1241f3 (webtiles) character file.

1371 Proton the Chopper (level 8, -1/73 HPs)
             Began as a Deep Dwarf Fighter on Nov 15, 2015.
             Slain by a worker ant (2 damage)
             ... on level 4 of the Dungeon.
             The game lasted 00:07:57 (2708 turns).

Proton the Chopper (Deep Dwarf Fighter)             Turns: 2708, Time: 00:07:57

Health: -1/73      AC: 12    Str: 22    XL:     8   Next: 38%
Magic:  8/8        EV:  8    Int:  7    God:
Gold:   201        SH: 11    Dex: 17    Spells: 0 memorised, 7 levels left

rFire  . . .     SeeInvis .     a - +0 war axe
rCold  + . .     Clarity  .     b - +0 scale mail
rNeg   . . .     SustAt   .     c - +0 shield
rPois  .         Gourm    +     (helmet restricted)
rElec  .         Spirit   .     s - +2 cloak
rCorr  .         Warding  .     (no gloves)
rMut   .         Stasis   .     p - +0 pair of boots
MR     +....                    h - amulet of the gourmand
Stlth  ..........               u - ring of protection from cold
                                z - +5 ring of dexterity

@: lethally poisoned (-1 -> -1), non-regenerating, somewhat resistant to hostile
enchantments, extremely unstealthy
A: damage resistance, recharge devices, horns 1, dopey 1, sense surroundings 1,
slow regeneration 3
a: Device Recharging


You were on level 4 of the Dungeon.
You were not hungry.

You visited 1 branch of the dungeon, and saw 4 of its levels.

You collected 201 gold pieces.

Inventory:

Hand Weapons
 a - a +0 war axe (weapon)
Armour
 b - a +0 scale mail (worn)
 c - a +0 shield (worn)
 g - a +0 helmet
 p - a +0 pair of boots (worn)
 s - a +2 cloak (worn)
Jewellery
 h - an amulet of the gourmand (around neck)
 u - a ring of protection from cold (right hand)
 v - an uncursed ring of protection from cold
 z - a +5 ring of dexterity (left hand)
Wands
 e - a wand of heal wounds (0)
 x - a wand of disintegration (16)
 y - a wand of slowing (1)
Scrolls
 k - 2 scrolls of noise {unknown}
 l - a scroll of amnesia {unknown}
 m - 2 scrolls of teleportation {unknown}
 A - 2 scrolls of magic mapping
Potions
 d - 2 potions of might
 i - a potion of brilliance
 j - a potion of resistance
 q - 2 potions of curing
 t - 3 potions of cancellation {unknown}
 w - a potion of haste
Comestibles
 f - a bread ration


   Skills:
 + Level 4.9 Fighting
 * Level 7.5 Axes
 + Level 6.0 Armour
 + Level 5.9 Shields


You had 7 spell levels left.
You didn't know any spells.

Dungeon Overview and Level Annotations

Branches:
Dungeon (4/15)
 Temple: D:4-7

Altars:
Gozag
Xom


Innate Abilities, Weirdness & Mutations

You are resistant to damage.
You can recharge devices by infusing magical energy.
You passively map a small area around you.
You do not regenerate naturally.
You have a pair of small horns on your head.
You are dopey. (Int -2)


Message History

The worker ant bites you but does no damage.
You block the worker ant's attack.
The worker ant bites you but does no damage. x2
You block the worker ant's attack. x2
The worker ant closely misses you. You block the worker ant's attack. x2
The worker ant barely misses you. x2
You are no longer poisoned.
The worker ant bites you but does no damage.
The worker ant closely misses you. You block the worker ant's attack.
The worker ant bites you but does no damage.
The worker ant bites you.
* * * LOW HITPOINT WARNING * * *
The worker ant bites you.
* * * LOW HITPOINT WARNING * * *
You are poisoned.
The worker ant poisons you!
The worker ant bites you but does no damage.
The worker ant bites you.
You die...

*### ..,* ####.# #
#....#.### # **####
##........# ., , ....#
#..a@.....# #*
,(##..##...a.....# . ,
................#
######.####.............
.....#.# #..###########
.....#.# ##....###.....#
,
.....#.#.....#..##.....#
.......................#
.....##..##.####...#####


You could see 2 worker ants.

Vanquished Creatures
  The ghost of Proton the Sneak, an amateur NaFi (D:4)
  Menkaure (D:4)
  Edmund (D:4)
  An ogre (D:4)
  A gnoll sergeant (D:3)
  An orc priest (D:3)
  3 gnoll shamans (D:3)
  Ijyb (D:3)
  5 worker ants
  Natasha (D:3)
  An orc wizard (D:4)
  Robin (D:2)
  29 gnolls (D:3)
  6 adders
  2 worms (D:2)
  A giant gecko (D:3)
  12 orcs
  A ball python (D:1)
  11 goblins
  10 hobgoblins
  A quokka (D:4)
  6 bats
  3 giant cockroaches (D:3)
  3 giant newts
  21 jackals
  4 kobolds
  A quokka skeleton (D:3)
  7 rats
136 creatures vanquished.

Notes
Turn   | Place    | Note
--------------------------------------------------------------
     0 | D:1      | Proton the Deep Dwarf Fighter began the quest for the Orb.
     0 | D:1      | Reached XP level 1. HP: 20/20 MP: 1/1
   129 | D:1      | Reached XP level 2. HP: 27/27 MP: 2/2
   654 | D:2      | Reached XP level 3. HP: 26/34 MP: 3/3
   674 | D:2      | Noticed Robin
   682 | D:2      | Killed Robin
   738 | D:2      | Reached skill level 4 in Armour
   738 | D:2      | Reached XP level 4. HP: 18/42 MP: 4/4
  1232 | D:3      | Noticed Ijyb
  1249 | D:3      | Killed Ijyb
  1249 | D:3      | Reached XP level 5. HP: 18/49 MP: 5/5
  1270 | D:3      | Reached XP level 6. HP: 8/56 MP: 6/6
  1280 | D:3      | Reached skill level 5 in Axes
  1294 | D:3      | HP: 2/57 [gnoll shaman/whip (4)]
  1403 | D:3      | Reached skill level 5 in Armour
  1437 | D:3      | Reached XP level 7. HP: 24/63 MP: 7/7
  1643 | D:3      | Noticed Natasha
  1659 | D:3      | Killed Natasha
  1818 | D:3      | Found a shimmering altar of Xom.
  1829 | D:3      | Found an opulent altar of Gozag.
  2051 | D:3      | Reached skill level 6 in Axes
  2302 | D:4      | Noticed Proton's ghost (amateur NaFi)
  2350 | D:4      | Killed Proton's ghost
  2350 | D:4      | Reached skill level 5 in Shields
  2374 | D:4      | Reached XP level 8. HP: 28/73 MP: 8/8
  2400 | D:4      | Noticed Edmund
  2414 | D:4      | Killed Edmund
  2414 | D:4      | Reached skill level 7 in Axes
  2493 | D:4      | Noticed Menkaure
  2504 | D:4      | Killed Menkaure
  2647 | D:4      | Gained mutation: You are dopey. (Int -2) [potion of mutation]
  2647 | D:4      | Gained mutation: You have a pair of small horns on your head. [potion of mutation]
  2708 | D:4      | HP: 1/73 [worker ant (4)]
  2708 | D:4      | Slain by a worker ant

Vault maps used:
D:1:      lightli_arrival_statue_moat
D:2:      nrook_mini_vaults, uniq_robin
D:3:      lemuel_castle_with_subvaults, amethyst_overflow_temple_binary,
          uniq_iyjb, uniq_natasha
D:4:      uniq_edmund, uniq_menkaure

Action                   |  1- 3 |  4- 6 |  7- 9 || total
-------------------------+-------+-------+-------++-------
Melee: War axe           |    88 |   156 |   167 ||   411
Evoke: Wand              |       |     4 |     5 ||     9
  Use: Scroll            |       |       |    10 ||    10
       Potion            |       |       |     1 ||     1
  Eat: Pizza             |       |     1 |       ||     1
       Fruit             |       |       |     3 ||     3
       Beef jerky        |       |       |     1 ||     1
       Bread ration      |       |       |     1 ||     1
